AoeStats
← Boost'Hate John

Hideout

503361426Analyzed
2v2 RM · 1mo ago on Aug 31, 2026· 19m 27s· 4 players
Game mode
Random Map
Map size
Medium (4 player)
Population
200
Speed
Normal
Resources
Standard
Victory
Conquest
Starting age
Dark Age
Ending age
Imperial Age
RankedLock teamsTeams togetherTeam positionsShared explorationLock speedFull tech treeHidden civsTurbo modeCheats
Victory
Defeat
🇫🇷 Malay · France
1890
+5
🇫🇷 Romans · France
1751
+9
🇲🇽 Khitans · Mexico
1643
-8
🇨🇴 Inca · Colombia
1511
-5
scorpion145
10:50 Feudal Age
11:06 Loom
16:43 Castle Age
15:02 Double-Bit Axe
Boost'Hate John
7:22 Loom
9:36 Feudal Age
9:57 Double-Bit Axe
11:47 Fletching
15:26 Padded Archer Armor
19:58 Castle Age
19:31 Bodkin Arrow
19:03 Crossbowman
hK | Agt. Smith
6:24 Loom
8:51 Feudal Age
8:55 Man-at-Arms
15:13 Domestication
16:04 Fletching
le Bloodskill96
7:52 Loom
10:13 Feudal Age
11:35 Champi Runner
18:01 Fletching
19:28 Padded Archer Armor
Connection lost

Rejoining the realm…

Still unreachable

The connection could not be restored.

Session expired

The server has moved on; the page needs a fresh start.